 Dungeon Crawl Stone Soup version 0.26.1-11-gd32895ea62 (webtiles) character file.

Game seed: 5599641675607028272

203 mankey1987 the Slasher (level 5, -1/41 HPs)
             Began as a Barachi Fighter on May 28, 2021.
             Slain by an orc
             ... wielding a +2 trident of distortion
              (3 damage)
             ... on level 3 of the Dungeon.
             The game lasted 00:02:55 (3806 turns).

mankey1987 the Slasher (Barachi Fighter)            Turns: 3806, Time: 00:02:56

Health: -1/41      AC:  9    Str: 19    XL:     5   Next: 81%
Magic:  5/5        EV:  5    Int:  8    God:
Gold:   146        SH:  9    Dex: 11    Spells: 4/4 levels left

rFire    . . .     SeeInvis .   a - +0 long sword
rCold    . . .     Faith    .   c - +0 kite shield
rNeg     . . .     Spirit   .   r - +0 chain mail
rPois    .         Reflect  .   (no helmet)
rElec    .         Harm     .   (no cloak)
rCorr    .         Rampage  .   (no gloves)
Will     .....                  (no boots)
Stlth    ..........             (no amulet)
HPRegen  0.13/turn              (no ring)
MPRegen  0.09/turn              (no ring)

@: mighty, slow
A: +LOS, swims, slowness 1, strong legs 1
a: Hop


You were on level 3 of the Dungeon.
You visited 1 branch of the dungeon, and saw 3 of its levels.

You collected 146 gold pieces.

Inventory:

Hand Weapons
 a - a +0 long sword (weapon)
Armour
 c - a +0 kite shield (worn)
 r - a +0 chain mail (worn)
Jewellery
 g - a cursed ring of teleportation {unknown}
Scrolls
 f - a scroll of remove curse {unknown}
 h - 5 scrolls of identify {unknown}
 i - a scroll of noise {unknown}
 j - a scroll of fog {unknown}
 k - a scroll of fear {unknown}
 m - 3 scrolls of teleportation {unknown}
 p - a scroll of enchant weapon {unknown}
 q - a scroll of amnesia {unknown}
Potions
 e - 3 potions of lignification {unknown}
 l - 3 potions of heal wounds {unknown}
 n - 2 potions of haste {unknown}
 o - a potion of degeneration {unknown}


   Skills:
 - Level 3.6 Fighting
 * Level 5.2 Long Blades
 + Level 4.9 Armour
 + Level 4.4 Shields


You had 4 spell levels left.
You didn't know any spells.
Your spell library was empty.

Dungeon Overview and Level Annotations

Branches:
Dungeon (3/15)

Altars:
Kikubaaqudgha


Innate Abilities, Weirdness & Mutations

You can be seen from farther away. (+LOS)
You can swim through water.
You cover ground slowly.
You can hop short distances.


Message History

You slash the orc!
You kill the orc!
You block the orc's attack.
Items here: )))) [[[ ††.
You hit the orc.
The orc is heavily wounded.
The orc hits you but does no damage. Space bends around you.
Your shield and chain mail prevent you from hitting the orc.
The orc is heavily wounded.
You block the orc's attack.
You closely miss the orc.
The orc is heavily wounded.
The orc hits you with a +2 trident of distortion.
You blink.
You block the orc's attack.
The orc hits you with a +2 trident of distortion.
Space warps horribly around you!
* * * LOW HITPOINT WARNING * * *
The orc hits you but does no damage. Space bends around you.
You die...

.############
##.###.##....... #.#
#.##.##....
###########.###.##.......
..o...................##.
####................# #.
#..##.#...##.##### #.
#..##)#...##.# #.
#..##o###.##.# #. #....@#
#.##.########.
######...###
#.##.......... ........(#
#.###########. #.#####..#
#.# #. #.#####..### #.#
#. #..........# #.# #.
#.#####..#.###.# #.
##.....##.####### #.
#.####...............# #.


You could see an orc.

Vanquished Creatures
  Jessica (D:2)
  An orc wizard (D:3)
  6 adders
  4 worms
  6 leopard geckos
  9 orcs (D:3)
  5 bats
  3 giant cockroaches
  4 goblins
  9 hobgoblins
  4 jackals (D:1)
  9 kobolds
  3 frilled lizards
  9 rats
73 creatures vanquished.

Notes
Turn   | Place    | Note
-------+----------+-------------------------------------------
     0 | D:1      | mankey1987 the Barachi Fighter began the quest for the Orb.
     0 | D:1      | Reached XP level 1. HP: 18/18 MP: 1/1
   115 | D:1      | Reached XP level 2. HP: 23/24 MP: 2/2
   118 | D:1      | Reached skill level 3 in Long Blades
   427 | D:1      | Reached XP level 3. HP: 29/29 MP: 3/3
  1609 | D:2      | Reached XP level 4. HP: 35/36 MP: 4/4
  1625 | D:2      | Reached skill level 4 in Long Blades
  2149 | D:2      | Noticed Jessica
  2159 | D:2      | Killed Jessica
  2160 | D:2      | Reached XP level 5. HP: 30/41 MP: 5/5
  3196 | D:3      | Found an ancient bone altar of Kikubaaqudgha.
  3285 | D:3      | Reached skill level 5 in Long Blades
  3805 | D:3      | HP: 2/41 [orc/+2 trident of distortion (11)]
  3806 | D:3      | Slain by an orc

Illustrated notes

Levels and vault maps discovered:
D:1:      eino_arrival_cavern_b, layout_basic
D:2:      layout_loops_corners, uniq_jessica
D:3:      layout_loops_ring, kiku_gazebo_pond_becter

Skill      XL: |  1  2  3  4  5 |
---------------+----------------+-----
Long Blades    | 3 4 5 |  5.2
Armour         | 4 |  4.9
Shields        | 4 |  4.4
Fighting       | |  3.6

Action                   |  1- 3 |  4- 6 || total
-------------------------+-------+-------++-------
Melee: Long sword        |    98 |   178 ||   276
  Use: Potion            |       |     1 ||     1
Armor: Scale mail        |    44 |    47 ||    91
       Chain mail        |       |    12 ||    12
Dodge: Dodged            |    27 |    41 ||    68
Block: Kite shield       |    48 |    86 ||   134
       Rpst.: Long sword |     8 |    13 ||    21
